 Dungeon Crawl Stone Soup version 0.30.1-11-g7821555f0a (webtiles) character file.

Game seed: 11371277778243281617

1115 KittyFluff the Cudgeller (level 8, -2/73 HPs)
             Began as a Gargoyle Berserker on Nov 8, 2023.
             Was a Priest of Trog.
             Slain by a kobold
             ... wielding a +0 short sword
              (4 damage)
             ... on level 7 of the Dungeon.
             The game lasted 00:26:59 (6791 turns).

KittyFluff the Cudgeller (Gargoyle Berserker)       Turns: 6791, Time: 00:26:59

Health: -2/73      AC: 14    Str: 29    XL:     8   Next: 34%
Magic:  8/8        EV: 12    Int: 11    God:    Trog [***...]
Gold:   171        SH:  0    Dex:  9    Spells: 7/7 levels left

rFire   . . .        a - +0 mace
rCold   . . .        (no shield)
rNeg    + . .        D - +0 leather armour
rPois   ∞            K - +0 helmet {Int+3}
rElec   +            (no cloak)
rCorr   .            (no gloves)
SInv    .            (no boots)
Will    .....        (no amulet) Stlth
                     w - +6 ring of strength
HPRegen 0.32/turn    q - +4 ring of protection
MPRegen 0.11/turn

%: no passive effects
@: berserking, studying Maces & Flails, very quick
A: sickness immunity, AC +5, negative energy resistance 1, electricity
resistance, torment resistance 1, petrification resistance
a: Renounce Religion, Berserk, Trog's Hand


You were on level 7 of the Dungeon.
You worshipped Trog.
Trog was most pleased with you.
You visited 1 branch of the dungeon, and saw 7 of its levels.

You collected 351 gold pieces.
You spent 180 gold pieces at shops.

Inventory:

Hand Weapons
 a - a +0 mace (weapon)
 h - a +0 quarterstaff
 m - a +0 morningstar
Missiles
 b - 6 boomerangs of dispersal
 r - 2 poisoned darts
 E - 5 datura-tipped darts
 H - 6 boomerangs (quivered)
Armour
 y - a +0 crystal plate armour
 D - a +0 leather armour (worn)
 K - a +0 helmet of intelligence (worn)
Jewellery
 j - a ring of positive energy
 q - a +4 ring of protection (right hand)
 w - a +6 ring of strength (left hand)
 C - a ring of positive energy
Wands
 s - a wand of flame (38)
 v - a wand of polymorph (13)
 A - a wand of charming (11)
Scrolls
 c - 4 scrolls of teleportation {unknown}
 d - a scroll of immolation {unknown}
 f - a scroll of brand weapon
 g - a scroll of torment
 i - a scroll of enchant armour
 k - 3 scrolls of amnesia {unknown}
 l - 3 scrolls of vulnerability {unknown}
 p - a scroll of blinking
 t - a scroll of fog
 B - 2 scrolls of enchant weapon {unknown}
 I - a scroll of poison
Potions
 e - a potion of haste
 n - a potion of might {unknown}
 o - a potion of magic {unknown}
 u - 3 potions of curing {unknown}
 x - 2 potions of mutation {unknown}
 z - 3 potions of attraction {unknown}
 F - a potion of heal wounds
 G - a potion of resistance {unknown}
 J - a potion of brilliance {unknown}
 L - a potion of invisibility {unknown}
 M - a potion of flight {unknown}


   Skills:
 + Level 5.1 Fighting
 * Level 7.4 Maces & Flails
 * Level 6.0 Armour
 + Level 3.2 Dodging
 + Level 4.0 Stealth


You had 7 spell levels left.
You didn't know any spells.
Your spell library was empty.

Dungeon Overview and Level Annotations

Branches:
Dungeon (7/15)             Temple (0/1) D:6

Altars:
Elyvilon
Makhleb
Nemelex Xobeh
Qazlal
Ru
Sif Muna
Vehumet
Xom

Shops:
D:2 [   D:6 [

Portals:
Bailey: D:7


Innate Abilities, Weirdness & Mutations

You are immune to sickness and miasma.
Your stone body is resilient. (AC +5)
You are immune to poison.
You resist negative energy. (rN+)
You are resistant to electric shocks. (rElec)
You are resistant to unholy torment.
You are immune to petrification.


Message History

The orc priest mumbles some strange prayers to Beogh against you.
Beogh smites you!
The orc warrior hits you with a +0 dire flail.
* * * LOW HITPOINT WARNING * * *
The orc hits you but does no damage.
A red film seems to cover your vision as you go berserk!
You feel yourself moving faster!
You feel mighty! The kobold hits you but does no damage.
The orc barely misses you.
The orc priest hits you but does no damage.
The orc warrior misses you.
You barely miss the orc warrior.
The orc warrior is moderately wounded.
The kobold closely misses you. The orc closely misses you.
The orc priest hits you but does no damage.
The orc warrior barely misses you.
You thump the orc priest!
The orc priest is heavily wounded.
You thump the orc priest!
You kill the orc priest!
Trog accepts your kill.
The kobold hits you with a +0 short sword.
* * * LOW HITPOINT WARNING * * *
The orc warrior hits you with a +0 dire flail!
* * * LOW HITPOINT WARNING * * *
The orc misses you.
You barely miss the orc warrior.
The orc warrior is moderately wounded.
The kobold hits you but does no damage. The orc barely misses you.
The orc warrior hits you with a +0 dire flail.
* * * LOW HITPOINT WARNING * * *
You thump the orc warrior!
The orc warrior is heavily wounded.
You sock the orc warrior!
The orc warrior is almost dead.
The kobold barely misses you. The orc barely misses you.
The orc warrior closely misses you.
You barely miss the orc warrior.
The orc warrior is almost dead.
The kobold hits you with a +0 short sword.
You die...

#........)....##........#
#.............##........#
#.......#...............+
#......>#...............#
#.......#...).########+##
#.......#.....#
#.......#.....#
#......)####+##
#......K@o....#
#......o#.....#
#.......#.....#
#.......####### #.......#
#.......+ #.......#
#.......# #.......#


You could see an orc warrior, an orc and a kobold.

Vanquished Creatures
  A water moccasin (D:6)
  2 orc warriors
  An ogre (D:6)
  3 scorpions
  A gnoll sergeant (D:5)
  2 hounds
  2 jellies
  2 orc priests
  3 iguanas
  An orc wizard (D:5)
  An adder (D:5)
  8 gnolls (D:5)
  2 shadow imps
  2 ufetubi
  A worm (D:5)
  5 dart slugs
  10 orcs
  7 ball pythons
  8 bats
  5 endoplasms
  3 giant cockroaches
  4 goblins
  7 hobgoblins
  3 quokkas
  3 frilled lizards (D:2)
  9 kobolds
  6 rats
102 creatures vanquished.

Notes
Turn   | Place    | Note
-------+----------+-------------------------------------------
     0 | D:1      | KittyFluff the Gargoyle Berserker began the quest for the
                  | Orb.
     0 | D:1      | Reached XP level 1. HP: 14/14 MP: 1/1
   130 | D:1      | Reached XP level 2. HP: 19/19 MP: 2/2
   622 | D:1      | Reached XP level 3. HP: 20/23 MP: 3/3
   832 | D:1      | Reached ** piety under Trog
   853 | D:1      | Reached skill level 1 in Stealth
  1295 | D:2      | Found Tauplemm's Armour Emporium.
  1940 | D:2      | Reached XP level 4. HP: 28/28 MP: 4/4
  2984 | D:3      | Found a faded altar of an unknown god.
  3198 | D:4      | Found a sparkling altar of Nemelex Xobeh.
  3315 | D:4      | Reached skill level 4 in Maces & Flails
  3315 | D:4      | Reached XP level 5. HP: 18/33 MP: 5/5
  3568 | D:4      | Identified a scroll of acquirement
  3569 | D:4      | Acquired a manual of Maces & Flails
  3741 | D:4      | Found a burning altar of Makhleb.
  3778 | D:5      | Entered Level 5 of the Dungeon
  3976 | D:5      | Reached XP level 6. HP: 38/38 MP: 6/6
  4221 | D:5      | Found a radiant altar of Vehumet.
  4236 | D:5      | Reached skill level 5 in Maces & Flails
  4239 | D:5      | HP: 2/57 [gnoll/+0 halberd (11)]
  4452 | D:5      | Found a large runed translucent door.
  4453 | D:5      | Found a large runed translucent door.
  4471 | D:5      | Found a shimmering blue altar of Sif Muna.
  4490 | D:5      | Found a stormy altar of Qazlal.
  4572 | D:5      | Found a sacrificial altar of Ru.
  4705 | D:5      | Noticed an orc warrior
  4724 | D:5      | Killed an orc warrior
  4724 | D:5      | Reached *** piety under Trog
  4725 | D:5      | Reached XP level 7. HP: 23/44 MP: 7/7
  4846 | D:6      | Found Obual's Antique Armour Shop.
  4892 | D:6      | Reached skill level 6 in Maces & Flails
  4892 | D:6      | Reached skill level 5 in Armour
  5394 | D:6      | Found a staircase to the Ecumenical Temple.
  5752 | D:6      | Reached XP level 8. HP: 35/48 MP: 8/8
  5892 | D:6      | Reached skill level 7 in Maces & Flails
  6251 | D:6      | Reached skill level 5 in Fighting
  6539 | D:6      | Bought a glowing helmet for 180 gold pieces
  6602 | D:7      | Found a flagged portal.
  6652 | D:7      | Found a white marble altar of Elyvilon.
  6653 | D:7      | Found a shimmering altar of Xom.
  6788 | D:7      | HP: 1/73 [orc warrior/+0 dire flail (6)]
  6791 | D:7      | Slain by a kobold

Illustrated notes

Levels and vault maps discovered:
D:1:      matt_arrival_spirals, layout_basic, minmay_surrounded
D:2:      layout_loops_corners, serial_shops, shop
D:3:      layout_basic, shapermc_ecumenical_altar_ellora
D:4:      layout_rooms, lightli_temple_of_fire, nemelex_altar_shiori,
          chequers_serial_rivers_micro_c, grunt_decor_fettered
D:5:      layout_rooms, jmf_multi_god_temple2, kennysheep_little_box,
          vehumet_altar_wand_db, kennysheep_dice
D:6:      layout_gridville, minmay_temple_entry_mini_moons, serial_shops,
          nicolae_shop_trees
D:7:      layout_gridville, nicolae_overflow_squiral, enter_bailey_2

Skill      XL: |  1  2  3  4  5  6  7  8 |
---------------+-------------------------+-----
Stealth        | 1 2 3 4 |  4.0
Armour         | 3 4 5 6 |  6.0
Dodging        | 2 3 |  3.2
Maces & Flails | 4 5 6 7 |  7.4
Fighting       | 4 5 |  5.1

Action                     |  1- 3 |  4- 6 |  7- 9 || total
---------------------------+-------+-------+-------++-------
  Melee: Mace              |   108 |   205 |   149 ||   462
         Punch             |       |     2 |     3 ||     5
 Invoke: Berserk           |       |     2 |     1 ||     3
    Use: Scroll            |       |    10 |     2 ||    12
         Potion            |       |     1 |       ||     1
   Stab: Sleeping          |       |     2 |     1 ||     3
 Armour: Animal skin       |    50 |    26 |       ||    76
         Leather armour    |       |    68 |    79 ||   147
  Dodge: Dodged            |    80 |   143 |    98 ||   321
